 Dungeon Crawl Stone Soup version 0.28.0-56-g4927b6849a (webtiles) character file.

Game seed: 9999177702714551507

8549 mopl the Quickloader (level 11, -3/95 HPs)
             Began as a Minotaur Hunter on Jan 25, 2023.
             Was an Elder of Okawaru.
             Slain by a boulder beetle simulacrum (11 damage)
             ... on level 10 of the Dungeon.
             The game lasted 00:14:30 (11510 turns).

mopl the Quickloader (Minotaur Hunter)             Turns: 11510, Time: 00:14:31

Health: -3/95      AC: 14    Str: 17    XL:     11   Next: 11%
Magic:  13/13      EV: 11    Int: 15    God:    Okawaru [****..]
Gold:   230        SH:  5    Dex: 19    Spells: 10/10 levels left

rFire   x . .      SeeInvis .   b - +7 quarterstaff of Hizuewn {vorpal, rF- Int+4 Dex+2 Stlth-}
rCold   . . .      Faith    .   (shield currently unavailable)
rNeg    . . .      Spirit   .   E - +0 chain mail "Vuocheok" {+Blink Str-4 Int+3 Dex+6}
rPois   .          Reflect  +   (helmet restricted)
rElec   .          Harm     .   q - +2 cloak
rCorr   .          Rampage  .   (no gloves)
Will    .....                   (no boots)
Stlth   ..........              w - amulet of reflection
HPRegen 0.25/turn               D - ring of flight
MPRegen 0.13/turn               (no ring)

@: flying
A: horns 2, retaliatory headbutt
a: Renounce Religion, Evoke Blink, Heroism, Finesse


You were on level 10 of the Dungeon.
You worshipped Okawaru.
Okawaru was greatly pleased with you.
You visited 2 branches of the dungeon, and saw 11 of its levels.

You collected 420 gold pieces.
You spent 190 gold pieces at shops.

Inventory:

Hand Weapons
 a - a +1 hand crossbow
 b - the +7 quarterstaff of Hizuewn (weapon) {vorpal, rF- Int+4 Dex+2 Stlth-}
   (You found it on level 2 of the Dungeon)

   It inflicts extra damage upon your enemies.
   Int:       It affects your intelligence (+4).
   Dex:       It affects your dexterity (+2).
   rF:        It makes you vulnerable to fire.
   Stlth:     It makes you less stealthy.
 c - a +2 whip of draining
 p - a +1 dagger of venom
 t - a +2 hand axe of flaming
 L - a +2 spectral quarterstaff
Missiles
 d - 65 bolts
 l - 16 poisoned darts (quivered)
 C - 6 boomerangs of dispersal
 J - 3 boomerangs
Armour
 q - a +2 cloak (worn)
 E - the +0 chain mail "Vuocheok" (worn) {+Blink Str-4 Int+3 Dex+6}
   (You bought it in a shop on level 6 of the Dungeon)

   Str:       It affects your strength (-4).
   Int:       It affects your intelligence (+3).
   Dex:       It affects your dexterity (+6).
   +Blink:    It lets you blink.
Jewellery
 w - an amulet of reflection (around neck)
 D - a ring of flight (left hand)
Wands
 n - a wand of paralysis (22)
 x - a wand of iceblast (9)
 z - a wand of acid (2)
Scrolls
 e - 3 scrolls of fear {unknown}
 f - 2 scrolls of identify
 g - a scroll of acquirement {unknown}
 h - a scroll of teleportation {unknown}
 i - 2 scrolls of noise {unknown}
 u - a scroll of enchant weapon {unknown}
 y - a scroll of blinking {unknown}
 A - a scroll of silence {unknown}
 B - 4 scrolls of summoning {unknown}
 G - a scroll of brand weapon {unknown}
 H - 2 scrolls of amnesia {unknown}
 I - a scroll of fog {unknown}
 K - a scroll of enchant armour {unknown}
Potions
 j - a potion of heal wounds
 k - 4 potions of haste
 m - 2 potions of invisibility
 o - 2 potions of curing
 r - a potion of mutation {!q}
 s - 2 potions of brilliance
 v - a potion of magic
 F - a potion of lignification {!q}
 M - a potion of berserk rage {!q}


   Skills:
 + Level 8.9 Fighting
 + Level 5.8 Staves
 * Level 11.8 Crossbows
 + Level 8.3 Armour
 + Level 8.0 Dodging
 - Level 1.0 Stealth
 + Level 4.8 Invocations


You had 10 spell levels left.
You didn't know any spells.
Your spell library contained the following spells:

 Spells                   Type           Power      Damage    Failure   Level
 Sandblast                Erth           0%         2d4       96%         1
 Passwall                 Tmut/Erth      0%         N/A       99%         2
 Sublimation of Blood     Necr           0%         N/A       99%         2
 Stone Arrow              Conj/Erth      0%         3d7       100%        3
 Petrify                  Tmut/Erth      0%         N/A       100%        4
 Irradiate                Conj/Tmut      0%         3d13      100%        5


Dungeon Overview and Level Annotations

Branches:
Dungeon (10/15)            Temple (1/1) D:6
   Lair: D:8-11         Orc: D:9-12

Altars:
Ashenzari
Cheibriados
Dithmenos
Elyvilon
Fedhas
Gozag
Hepliaklqana
Kikubaaqudgha
Makhleb
Nemelex Xobeh
Okawaru
Qazlal
Ru
Sif Muna
Trog
Uskayaw
Vehumet
Wu Jian
Xom
Yredelemnul
Zin
The Shining One
Beogh

Shops:
D:4 [   D:6 [[?   D:7 (

Annotations:
D:6 2 transporters
D:8 3 runed translucent doors, diceflayer's ghost, novice DsFi


Innate Abilities, Weirdness & Mutations

You have a pair of horns on your head.
You reflexively headbutt those who attack you in melee.


Message History

The howler monkey simulacrum hits you but does no damage.
You sock the howler monkey simulacrum!
The howler monkey simulacrum vaporises!
Okawaru accepts your kill.
You sock the boulder beetle simulacrum!
The boulder beetle simulacrum is moderately damaged.
You hit the boulder beetle simulacrum but do no damage.
The boulder beetle simulacrum is moderately damaged.
The boulder beetle simulacrum bites you but does no damage.
You hit the boulder beetle simulacrum but do no damage.
You headbutt the boulder beetle simulacrum, but do no damage.
The boulder beetle simulacrum is moderately damaged.
The boulder beetle simulacrum bites you but does no damage.
You hit the boulder beetle simulacrum.
You headbutt the boulder beetle simulacrum, but do no damage.
The boulder beetle simulacrum is severely damaged.
You bludgeon the boulder beetle simulacrum!!
The boulder beetle simulacrum vaporises!
Okawaru accepts your kill.
You hit the boulder beetle simulacrum.
The boulder beetle simulacrum is lightly damaged.
The boulder beetle simulacrum bites you but does no damage.
You hit the boulder beetle simulacrum.
The boulder beetle simulacrum is moderately damaged.
You sock the boulder beetle simulacrum!
You headbutt the boulder beetle simulacrum, but do no damage.
The boulder beetle simulacrum is heavily damaged.
You feel like a meek peon again.
The boulder beetle simulacrum bites you!
The boulder beetle simulacrum freezes you!
You hit the boulder beetle simulacrum but do no damage.
The boulder beetle simulacrum is heavily damaged.
The boulder beetle simulacrum bites you!
The boulder beetle simulacrum freezes you!!
* * * LOW HITPOINT WARNING * * *
You hit the boulder beetle simulacrum.
You headbutt the boulder beetle simulacrum.
The boulder beetle simulacrum is almost destroyed.
The boulder beetle simulacrum bites you!
You die...

#####
....##############
................@#
.##.############Z#
.##.# #†# .##.#
##)## .##.#
#####...## .##.#
#.........# ....#
#.####....# #####
##.#.# #.#.#


You could see a boulder beetle simulacrum.

Vanquished Creatures
  A two-headed ogre (D:10)
  Pikel (D:5)
  A cyclops (D:10)
  A gargoyle (D:10)
  Maggie (D:8)
  Grinder (D:4)
  2 flying skulls (D:10)
  Sigmund (D:5)
  2 wyverns
  A wraith (D:10)
  3 steam dragons
  A vampire mosquito (Temple)
  4 wargs (D:10)
  A water moccasin (D:6)
  6 orc warriors
  An ice beast (D:5)
  3 necrophages
  A boulder beetle simulacrum (D:10)
  A phantom (D:6)
  6 centaurs
  3 lemures (D:5)
  A kobold brigand (D:9)
  3 bullfrogs
  5 scorpions
  A water moccasin skeleton (D:7)
  6 killer bees
  3 howler monkeys
  10 wights
  3 bullfrog zombies
  6 jellies
  3 centaur zombies
  A bullfrog skeleton (D:7)
  2 hounds (D:4)
  6 orc priests
  Ijyb (D:4)
  3 centaur skeletons
  A hell rat (D:10)
  Natasha (thrice) (D:2)
  4 iguanas
  5 orc wizards
  A killer bee zombie (D:7)
  A hound zombie (D:5)
  Robin (D:1)
  3 gnolls (D:5)
  5 adders
  2 shadow imps
  A white imp (D:6)
  A howler monkey simulacrum (D:10)
  An adder skeleton (D:4)
  2 worms (D:2)
  2 dart slugs
  32 orcs
  8 endoplasms
  2 giant cockroaches
  13 goblins
  17 hobgoblins
  2 jackals (D:1)
  9 kobolds
  6 quokkas
  12 ball pythons
  3 bats
  6 frilled lizards
  10 rats
249 creatures vanquished.

Vanquished Creatures (others)
  A centaur (D:8)
  A kobold (D:9)
2 creatures vanquished.

Grand Total: 251 creatures vanquished

Notes
Turn   | Place    | Note
-------+----------+-------------------------------------------
     0 | D:1      | mopl the Minotaur Hunter began the quest for the Orb.
     0 | D:1      | Reached XP level 1. HP: 18/18 MP: 0/0
    45 | D:1      | Reached skill level 1 in Stealth
   141 | D:1      | Reached XP level 2. HP: 16/25 MP: 1/1
   643 | D:1      | Reached skill level 1 in Armour
   751 | D:1      | Reached XP level 3. HP: 30/30 MP: 2/2
   837 | D:2      | Identified the +0 helmet "Kapem" {rPois Regen+ Str-2
                  | Slay+3}
   837 | D:2      | Noticed Robin
   847 | D:1      | Killed Robin
   848 | D:1      | Reached skill level 3 in Fighting
  1137 | D:1      | Reached skill level 5 in Crossbows
  1539 | D:2      | Noticed Natasha
  1721 | D:2      | Killed Natasha
  1722 | D:2      | Reached XP level 4. HP: 32/38 MP: 3/3
  1833 | D:2      | Found a faded altar of an unknown god.
  1937 | D:2      | Reached skill level 2 in Armour
  1937 | D:2      | Reached skill level 3 in Dodging
  2035 | D:2      | Noticed Natasha
  2041 | D:2      | Killed Natasha
  2042 | D:2      | Reached XP level 5. HP: 33/45 MP: 4/4
  2126 | D:2      | Identified the +7 quarterstaff of Hizuewn {vorpal, rF-
                  | Int+4 Dex+2 Stlth-}
  2148 | D:2      | Noticed Natasha
  2578 | D:2      | Killed Natasha
  2628 | D:2      | Found a faded altar of an unknown god.
  3865 | D:4      | Noticed Grinder
  3865 | D:4      | Noticed Ijyb
  3882 | D:4      | Paralysed by Grinder for 6 turns
  3891 | D:4      | Killed Grinder
  3892 | D:4      | Reached skill level 4 in Fighting
  3892 | D:4      | Reached skill level 6 in Crossbows
  3892 | D:4      | Reached skill level 3 in Armour
  3892 | D:4      | Reached XP level 6. HP: 14/52 MP: 5/5
  3894 | D:4      | Killed Ijyb
  3895 | D:4      | Reached skill level 4 in Dodging
  4193 | D:4      | Found Guklik's Armour Emporium.
  4731 | D:5      | Entered Level 5 of the Dungeon
  4879 | D:5      | Reached XP level 7. HP: 55/60 MP: 6/6
  4954 | D:5      | Reached skill level 7 in Crossbows
  4954 | D:5      | Reached skill level 4 in Armour
  4981 | D:5      | Noticed Pikel
  4998 | D:5      | Killed Pikel
  4999 | D:5      | Reached skill level 5 in Fighting
  4999 | D:5      | Reached skill level 8 in Crossbows
  4999 | D:5      | Reached skill level 5 in Dodging
  4999 | D:5      | Reached XP level 8. HP: 28/69 MP: 7/7
  5200 | D:5      | HP: 1/69 [steam dragon/ball of steam (28)]
  5203 | D:5      | Reached skill level 5 in Armour
  5747 | D:5      | Reached skill level 6 in Fighting
  5805 | D:5      | Noticed Sigmund
  5814 | D:5      | Killed Sigmund
  6106 | D:6      | Found a transporter.
  6106 | D:6      | Found a staircase to the Ecumenical Temple.
  6117 | Temple   | Entered the Ecumenical Temple
  6324 | Temple   | Became a worshipper of Warmaster Okawaru
  6346 | D:6      | Reached skill level 9 in Crossbows
  6519 | Temple   | Reached skill level 1 in Staves
  6519 | Temple   | Reached skill level 1 in Invocations
  6775 | D:6      | Reached skill level 6 in Dodging
  6780 | D:6      | Reached skill level 6 in Armour
  6780 | D:6      | Reached XP level 9. HP: 69/78 MP: 8/8
  6781 | D:6      | Reached * piety under Okawaru
  6785 | D:6      | Found Nuixtent's Antique Armour Shoppe.
  6986 | D:6      | Reached skill level 2 in Staves
  7058 | D:6      | Bought a scorched chain mail for 190 gold pieces
  7058 | D:6      | Identified the +0 chain mail "Vuocheok" {+Blink Str-4 Int+3
                  | Dex+6} (You bought it in a shop on level 6 of the Dungeon)
  7099 | D:6      | Found Laideq's Magic Scroll Shoppe.
  7281 | D:6      | Reached skill level 7 in Fighting
  7281 | D:6      | Reached skill level 2 in Invocations
  7293 | D:6      | Noticed a two-headed ogre
  7299 | D:6      | Found a transporter.
  7309 | D:6      | Found Feck's Antique Armour Emporium.
  7346 | D:6      | Found a snail-covered altar of Cheibriados.
  7522 | D:6      | Reached ** piety under Okawaru
  7523 | D:6      | Reached skill level 3 in Staves
  7523 | D:6      | Reached skill level 10 in Crossbows
  8042 | D:7      | Reached skill level 3 in Invocations
  8174 | D:7      | Reached skill level 7 in Armour
  8246 | D:7      | Found Dysm's Weapon Emporium.
  8467 | D:7      | Reached XP level 10. HP: 86/88 MP: 11/11
  8690 | D:8      | Noticed Maggie
  8701 | D:8      | Reached skill level 4 in Staves
  8701 | D:8      | Reached skill level 7 in Dodging
  8726 | D:8      | Killed Maggie
  8726 | D:8      | Reached *** piety under Okawaru
  9178 | D:8      | Reached skill level 8 in Fighting
  9488 | D:8      | You are sucked into a shaft and drop 2 floors!
  9488 | D:10     | Entered Level 10 of the Dungeon
  9990 | D:7      | Reached skill level 11 in Crossbows
 10294 | D:8      | Found a runed translucent gate.
 10295 | D:8      | Found a runed translucent gate.
 10295 | D:8      | Noticed diceflayer's ghost (novice DsFi)
 10296 | D:8      | Found a runed translucent gate.
 10471 | D:9      | Reached skill level 4 in Invocations
 10624 | D:9      | Reached skill level 5 in Staves
 11042 | D:10     | Noticed a cyclops
 11052 | D:10     | Noticed a gargoyle
 11059 | D:10     | Killed a cyclops
 11059 | D:10     | Reached **** piety under Okawaru
 11059 | D:10     | Received a gift from Okawaru
 11061 | D:10     | Killed a gargoyle
 11062 | D:10     | Reached skill level 8 in Armour
 11129 | D:10     | Noticed a two-headed ogre
 11138 | D:10     | Killed a two-headed ogre
 11160 | D:10     | Reached XP level 11. HP: 6/95 MP: 10/13
 11476 | D:10     | Reached skill level 8 in Dodging
 11510 | D:10     | Slain by a boulder beetle simulacrum

Illustrated notes

Levels and vault maps discovered:
D:1:      evilmike_arrival_crescent, layout_basic, minivault_27,
          amcnicky_mini_pool_small
D:2:      layout_loops_ring, hellmonk_ecumenical_altar_run_dry, minivault_4,
          minmay_door_square, st_stairs_14, minmay_tetromino_i4, uniq_natasha,
          uniq_robin
D:3:      layout_loops_ring
D:4:      layout_basic, serial_shops, nicolae_lakefront_shop,
          kennysheep_minor_cross, minmay_crystal_room, uniq_grinder, uniq_ijyb
D:5:      layout_loops_ring, uniq_pikel, uniq_sigmund
D:6:      layout_rooms, gammafunk_temple_overflow_arena,
          minmay_temple_entry_glass, serial_shops, shop,
          nicolae_shop_waterfront, kennysheep_mini_moat, minmay_bent
D:7:      minmay_angry_zag, layout_gridville, serial_shops,
          nicolae_shop_waterfront
D:8:      layout_rooms, biasface_ghost_orc_armoury, special_room
          [special_room_orc], st_stairs_5, uniq_maggie
D:9:      layout_roguey
D:10:     lemuel_vampire_tower, layout_loops_ring, lair_entry_dummy,
          uniq_nergalle
Temple:   mainiacjoe_temple_archimedes_tessellation

Skill      XL: |  1  2  3  4  5  6  7  8  9 10 11 |
---------------+----------------------------------+-----
Stealth        | 1 |  1.0
Armour         | 1 2 3 4 6 7 8 |  8.3
Fighting       | 3 4 5 6 7 8 |  8.9
Crossbows      | 5 6 8 9 10 11 | 11.8
Dodging        | 3 4 5 6 7 8 |  8.0
Staves         | 1 3 5 |  5.8
Invocations    | 1 3 4 |  4.8

Action                   |  1- 3 |  4- 6 |  7- 9 | 10-12 || total
-------------------------+-------+-------+-------+-------++-------
Melee: Short sword       |    60 |       |       |       ||    60
       Headbutt          |    13 |    19 |    35 |    47 ||   114
       Dagger            |    48 |    34 |       |    15 ||    97
       Quarterstaff      |       |    91 |   171 |   208 ||   470
       Punch             |       |       |       |     1 ||     1
 Fire: Hand crossbow     |       |       |     5 |     3 ||     8
Throw: Dart              |       |       |       |     5 ||     5
Invok: Heroism           |       |       |       |     4 ||     4
  Use: Potion            |     2 |       |       |       ||     2
       Scroll            |       |     6 |       |     2 ||     8
 Stab: Sleeping          |     1 |       |       |       ||     1
Armor: Leather armour    |    35 |     6 |       |       ||    41
       Ring mail         |       |    23 |       |       ||    23
       Chain mail        |       |    18 |   133 |    86 ||   237
Dodge: Dodged            |    90 |    55 |   101 |   111 ||   357
Block: Other             |       |    11 |    52 |    67 ||   130
       Reflection        |       |       |     4 |     3 ||     7
